 Dungeon Crawl Stone Soup version 0.30-a0-371-gad7725a93e (webtiles) character file.

Game seed: 16133504792958235767

273 snetch the Chopper (level 6, -8/56 HPs)
             Began as a Minotaur Berserker on Nov 22, 2022.
             Was a Believer of Trog.
             Mangled by an iguana (9 damage)
             ... on level 5 of the Dungeon.
             The game lasted 00:03:50 (1388 turns).

snetch the Chopper (Minotaur Berserker)             Turns: 1388, Time: 00:03:51

Health: -8/56      AC: 11    Str: 24    XL:     6   Next: 3%
Magic:  5/5        EV:  7    Int:  4    God:    Trog [**....]
Gold:   64         SH:  0    Dex:  9    Spells: 5/5 levels left

rFire   . . .      SeeInvis .    a - +0 war axe
rCold   . . .      Faith    .    (no shield)
rNeg    . . .      Spirit   .    h - +0 plate armour
rPois   .          Reflect  .    (helmet restricted)
rElec   .          Harm     .    (no cloak)
rCorr   .          Rampage  .    (no gloves)
Will    ++...                    (no boots)
Stlth   ..........               (no amulet)
HPRegen 1.29/turn                (no ring)
MPRegen 0.09/turn                (no ring)

@: strong-willed, on berserk cooldown, regenerating, slowed, very slow
A: horns 2, retaliatory headbutt
a: Renounce Religion, Berserk, Trog's Hand


You were on level 5 of the Dungeon.
You worshipped Trog.
Trog was pleased with you.
You visited 1 branch of the dungeon, and saw 5 of its levels.

You collected 64 gold pieces.

Inventory:

Hand Weapons
 a - a +0 war axe (weapon)
 b - a +0 trident
 l - a +0 scythe of freezing
Missiles
 e - 12 stones
 j - 6 poisoned darts (quivered)
Armour
 h - a +0 plate armour (worn)
Scrolls
 c - a scroll of blinking {unknown}
 f - a scroll of teleportation {unknown}
 k - a scroll of poison {unknown}
Potions
 d - a potion of curing {unknown}
 g - a potion of heal wounds {unknown}
 i - a potion of ambrosia {unknown}
 m - 2 potions of degeneration {unknown}


   Skills:
 + Level 5.1 Fighting
 + Level 6.3 Axes
 + Level 3.0 Armour
 + Level 3.2 Dodging
 + Level 0.6 Stealth


You had 5 spell levels left.
You didn't know any spells.
Your spell library was empty.

Dungeon Overview and Level Annotations

Branches:
Dungeon (5/15)
 Temple: D:4-7

Altars:
Wu Jian


Innate Abilities, Weirdness & Mutations

You have a pair of horns on your head.
You reflexively headbutt those who attack you in melee.


Message History

The puff of frost hits you.
* * * LOW HITPOINT WARNING * * *
Your skin crawls.
You feel strong-willed.
An iguana comes into view.
You hit the white imp. Your headbutt misses the white imp.
The white imp is moderately wounded.
The white imp hits you but does no damage.
The white imp hits you.
* * * LOW HITPOINT WARNING * * *
The white imp freezes you.
* * * LOW HITPOINT WARNING * * *
You barely miss the white imp. You headbutt the white imp.
The white imp is severely wounded.
The white imp laughs crazily.
The white imp hits you but does no damage.
The white imp barely misses you.
Unknown command.
You hit the white imp but do no damage.
The white imp is severely wounded.
The white imp closely misses you. The white imp barely misses you.
You furiously retaliate!
You headbutt the white imp.
You kill the white imp!
Trog accepts your kill.
Unknown command.
You closely miss the iguana. The iguana bites you.
* * * LOW HITPOINT WARNING * * *
Unknown command.
You hit the iguana.
The iguana is lightly wounded.
The iguana closely misses you. You furiously retaliate!
You headbutt the iguana.
The iguana bites you but does no damage.
Unknown command.
You barely miss the iguana.
The iguana is moderately wounded.
The iguana bites you!
* * * LOW HITPOINT WARNING * * *
The iguana bites you!
You die...

###### .. ....#..
##.. #= ...## ...
###.##...###.#
....#.....#..# #.
##........###
##..#.......#...
.......l@...#.#
####.........#### .
##....).)).†.#..#
#.......#..#....#
#.......#<........
..........#.#####.#.
.#.......##.# .. .
###....###.# .
##.### #.#


You could see an iguana.

Vanquished Creatures
  Sigmund (D:4)
  An iguana (D:5)
  3 gnolls
  A white imp (D:5)
  A dart slug (D:1)
  An orc (D:3)
  7 endoplasms
  2 giant cockroaches
  7 goblins
  5 hobgoblins
  4 jackals (D:1)
  2 quokkas (D:1)
  5 ball pythons (D:1)
  5 bats (D:1)
  4 frilled lizards
  4 kobolds
  4 rats (D:1)
57 creatures vanquished.

Notes
Turn   | Place    | Note
-------+----------+-------------------------------------------
     0 | D:1      | snetch the Minotaur Berserker began the quest for the Orb.
     0 | D:1      | Reached XP level 1. HP: 19/19 MP: 0/0
    48 | D:1      | Reached skill level 4 in Axes
    48 | D:1      | Reached XP level 2. HP: 11/27 MP: 1/1
   257 | D:1      | Reached XP level 3. HP: 28/33 MP: 2/2
   347 | D:1      | Reached ** piety under Trog
  1103 | D:3      | Found an ornate altar of the Wu Jian Council.
  1296 | D:4      | Noticed Sigmund
  1299 | D:4      | Reached XP level 4. HP: 41/41 MP: 3/3
  1309 | D:4      | Killed Sigmund
  1310 | D:4      | Reached skill level 5 in Fighting
  1310 | D:4      | Reached skill level 6 in Axes
  1310 | D:4      | Reached XP level 5. HP: 48/48 MP: 4/4
  1344 | D:5      | Entered Level 5 of the Dungeon
  1376 | D:5      | Reached XP level 6. HP: 10/56 MP: 5/5
  1383 | D:5      | HP: 2/56 [white imp (4)]
  1388 | D:5      | HP: 1/56 [iguana (7)]
  1388 | D:5      | Mangled by an iguana

Illustrated notes

Levels and vault maps discovered:
D:1:      dpeg_arrival_subterranean_lakeside_camping, layout_loops_cross
D:2:      layout_rooms
D:3:      layout_loops_cross, mainiacjoe_overflow_small_starburst,
          mainiacjoe_overflow_concentric_impassable,
          shapermc_ecumenical_altar_starsandcircs
D:4:      layout_rooms, mainiacjoe_overflow_alcove_1,
          mainiacjoe_overflow_large_starburst,
          minmay_temple_entry_drinking_statues, chequers_garden,
          minmay_goblin_kobold_house, uniq_robin, uniq_sigmund
D:5:      layout_rooms, serial_shops, nicolae_shop_crystal

Skill      XL: |  1  2  3  4  5 |
---------------+----------------+-----
Axes           | 4 6 |  6.3
Fighting       | 4 5 |  5.1
Dodging        | 3 |  3.2
Armour         | 3 |  3.0
Stealth        | |  0.6

Action                   |  1- 3 |  4- 6 || total
-------------------------+-------+-------++-------
Melee: Hand axe          |   110 |     6 ||   116
       Headbutt          |    10 |     4 ||    14
       Punch             |     2 |       ||     2
       War axe           |       |    16 ||    16
Invok: Berserk           |       |     2 ||     2
       Trog's Hand       |       |     2 ||     2
 Stab: Sleeping          |     1 |       ||     1
Armor: Animal skin       |    26 |       ||    26
       Plate armour      |     4 |     9 ||    13
Dodge: Dodged            |    69 |     8 ||    77

Table legend: (Time is in decaauts)
 A = Elapsed time spent in this place.
 B = Non-inter-level travel time spent in this place.
 C = Inter-level travel time spent in this place.
 D = Time resting spent in this place.
 E = Time spent auto-exploring this place.
 F = Levels seen in this place.
 G = Mean time per level.
                   A        B        C        D        E       F      G
               +--------+--------+--------+--------+--------+-----+--------+
         Total |   1414 |   1374 |     40 |      0 |    867 |   5 |  282.8 |
       Dungeon |   1414 |   1374 |     40 |      0 |    867 |   5 |  282.8 |
               +--------+--------+--------+--------+--------+-----+--------+

Top non-repeatable levels by time:
     D:1: 1046 daAuts
     D:3: 189 daAuts
     D:2: 73 daAuts
     D:4: 56 daAuts
     D:5: 48 daAuts
